cohdb
Replays
Latest Replays
All Replays
Popular Replays
Top Player Replays
Match Explorer
How It Works
Community
CoH3 Stats
Reddit
Sign in to upload your games and track your stats! →
Sign in with Steam
Match 42311080
Unlisted
Match 42311080
Overview
Messages
Build Orders
End
Kradschützen Motorcycle Team
Selects Italian Combined Arms Battlegroup
Selects Bersaglieri Squad
Bersaglieri Squad
Bersaglieri Squad
Panzergrenadier Squad
Construct Light Support Kompanie
Selects Bersaglieri Bolster
Fire Support Elements
Bersaglieri Squad
Flakvierling Half-track
Panzerjäger Squad
Vehicle Survival Package
Selects Breda Model 30 Light Machine Guns
2.5-tonne Medical Truck
Construct Panzerarmee Kommand
Panzer III L Medium Tank
Selects Semovente da 75/18 Assault Gun
Selects Strafing Run
Strafing Run
Selects Pact of Steel
Walking Stuka Rocket Launcher
Armored Reserves
Panzer III L Medium Tank
Strafing Run
Tungsten Core Ammunition
Strafing Run
Pak 38 Anti-tank Gun Team
Tiger Heavy Tank
Strafing Run
Panzerpioneer Squad
Flak 36 Anti-tank Gun Team
Artistóteles
Miles '+'
Insomniac
Sakura
0
0
Comments
sign in to comment!
No comments posted yet!